 Dungeon Crawl Stone Soup version 0.28-a0-589-g333b8329f1 (webtiles) character file.

Game seed: 7866958096774127846

561 Irenicus the Digger (level 7, -15/55 HPs)
             Began as a Deep Dwarf Earth Elementalist on Oct 3, 2021.
             Demolished by an ogre (25 damage)
             ... on level 6 of the Dungeon.
             The game lasted 00:21:45 (2281 turns).

Irenicus the Digger (Deep Dwarf Earth Elementalist) Turns: 2281, Time: 00:21:45

Health: -15/55     AC:  6    Str: 12      XL:     7   Next: 9%
Magic:  4/13       EV: 12    Int: 15 (17) God:
Gold:   163        SH:  0    Dex: 13      Spells: 8/14 levels left

rFire   + . .      SeeInvis +   c - +2 dagger (speed)
rCold   . . .      Faith    .   (no shield)
rNeg    + . .      Spirit   .   h - +0 leather armour
rPois   .          Reflect  .   a - +2 helmet {SInv}
rElec   .          Harm     .   (no cloak)
rCorr   .          Rampage  .   (no gloves)
Will    +....                   (no boots)
Stlth   ++........              (no amulet)
HPRegen 0.00/turn               F - ring of protection from fire
MPRegen 0.13/turn               N - ring of positive energy

@: no status effects
A: damage resistance, heal wounds, sense surroundings 1, no regeneration
a: Heal Wounds


You were on level 6 of the Dungeon.
You visited 1 branch of the dungeon, and saw 5 of its levels.

You collected 163 gold pieces.


Innate Abilities, Weirdness & Mutations

You are resistant to damage.
You can heal yourself by infusing magical energy.
You passively map a small area around you.
You do not regenerate.


   Skills:
 - Level 2.1 Dodging
 - Level 2.4 Stealth
 + Level 4.4 Spellcasting
 + Level 0.3 Conjurations
 - Level 0.8 Transmutations
 + Level 7.7 Earth Magic
 - Level 3.1 Evocations


You had 8 spell levels left.
You knew the following spells:

 Your Spells              Type           Power      Damage    Failure   Level
t - Stone Arrow           Conj/Erth      30%        3d8       13%         3
w - Passwall              Tmut/Erth      13%        N/A       6%          2
z - Sandblast             Erth           52%        2d12      1%          1

Your spell library contained the following spells:

 Spells                   Type           Power      Damage    Failure   Level
 Petrify                  Tmut/Erth      16%        N/A       36%         4
 Ignite Poison            Fire/Tmut/Pois 4%         N/A       52%         3
 Mephitic Cloud           Conj/Pois/Air  3%         N/A       54%         3
 Freezing Cloud           Conj/Ice/Air   1%         6-21      99%         5

Inventory:

Hand Weapons
 c - a +2 dagger of speed (weapon)
 d - a +0 dagger
Missiles
 g - 37 stones
Armour
 a - a +2 helmet of see invisible (worn)
 h - a +0 leather armour (worn)
Jewellery
 F - a ring of protection from fire (left hand)
 N - a ring of positive energy (right hand)
Scrolls
 b - a scroll of torment {unknown}
 e - 2 scrolls of identify {@r1}
 f - a scroll of immolation

Dungeon Overview and Level Annotations

Branches:
Dungeon (4/15)
 Temple: D:4-7

Altars:
Kikubaaqudgha

Shops:
D:2 [

Annotations:
D:3 Terence

, #.# *** * #.# ,
, , ,, ##.#** * *
,...,,, , ,,..# ,
* .#*#.####... , ,
.# #........ * *.#
#@#*** * ,.
##.###O# #.
##...##.# #.##
#..#.#..# ,...###
#....#..# ,
#...###.#.##..# .
#>........##..#
.#####.##........#
...#.......####.##


You could see an ogre.


Message History

Aiming: Sandblast (safe; 1% risk of failure)
Press: ? - help, Shift-Dir - straight line, f/p - iguana
Aim: an iguana (moderately wounded, 83% to hit)
The blast of sand hits the iguana.
The iguana is heavily wounded.
The iguana bites you.
* * * LOW HITPOINT WARNING * * *
Casting: Sandblast (safe; 1% risk of failure)
Confirm with . or Enter, or press ? or * to list all spells.
Aiming: Sandblast (safe; 1% risk of failure)
Press: ? - help, Shift-Dir - straight line, f/p - iguana
Aim: an iguana (heavily wounded, 83% to hit)
The blast of sand hits the iguana.
The iguana is severely wounded.
The iguana bites you but does no damage.
Casting: Sandblast (safe; 1% risk of failure)
Confirm with . or Enter, or press ? or * to list all spells.
Aiming: Sandblast (safe; 1% risk of failure)
Press: ? - help, Shift-Dir - straight line, f/p - iguana
Aim: an iguana (severely wounded, 83% to hit)
The blast of sand hits the iguana.
You kill the iguana!
You feel your dexterity returning.
An ogre comes into view. It is wielding a +0 giant spiked club.
The ogre shouts!
You aren't carrying any potions.
Use which ability? (? or * to list)
You fail to use your ability.
The ogre hits you with a +0 giant spiked club!!
You die...

Skill      XL: |  1  2  3  4  5  6 |
---------------+-------------------+-----
Spellcasting   | 2 3 4 |  4.4
Earth Magic    | 6 7 |  7.7
Evocations     | 2 3 |  3.1
Dodging        | |  2.1
Stealth        | |  2.4
Conjurations   | |  0.3
Transmutations | |  0.8

Action                   |  1- 3 |  4- 6 |  7- 9 || total
-------------------------+-------+-------+-------++-------
Melee: Unarmed           |    44 |       |       ||    44
       Club              |    31 |    25 |       ||    56
       Dagger            |       |    16 |     1 ||    17
 Cast: Sandblast         |    50 |    18 |     8 ||    76
       Passwall          |     5 |       |       ||     5
       Stone Arrow       |     4 |     7 |     5 ||    16
 Abil: Heal Wounds       |     1 |     2 |       ||     3
Evoke: Wand              |       |     8 |       ||     8
  Use: Scroll            |     1 |       |     1 ||     2
       Potion            |       |     1 |       ||     1
 Stab: Sleeping          |     2 |     6 |     1 ||     9
Armor: Robe              |    22 |    14 |       ||    36
       Leather armour    |       |       |     1 ||     1
Dodge: Dodged            |    98 |    35 |       ||   133

Levels and vault maps discovered:
D:1:      kilobyte_arrival_exit_the_forest, layout_basic,
          hellmonk_ecumenical_altar_pennies_from_heaven, serial_bayou_lagoon_a,
          amcnicky_mini_rare_corridor_liquid, st_stairs_4,
          grunt_decor_resistance, serial_bayou_pond_b
D:2:      layout_basic, serial_shops, shop, due_unseen_surprise
D:3:      gammafunk_wand_slinger, layout_basic, mainiacjoe_overflow_24_doors,
          uniq_terence, uniq_robin, uniq_sigmund, uniq_natasha
D:4:      cheibrodos_thug_alley, layout_basic
D:6:      layout_loops_ring, uniq_crazy_yiuf_cottage

Notes
Turn   | Place    | Note
-------+----------+-------------------------------------------
     0 | D:1      | Irenicus the Deep Dwarf Earth Elementalist began the quest
                  | for the Orb.
     0 | D:1      | Reached XP level 1. HP: 15/15 MP: 3/3
    87 | D:1      | You fall into a shaft and drop 1 floor!
   207 | D:2      | Reached skill level 2 in Spellcasting
   246 | D:1      | Reached XP level 2. HP: 19/22 MP: 1/5
   373 | D:1      | Learned a level 2 spell: Passwall
   376 | D:1      | Found a faded altar of an unknown god.
   839 | D:1      | Reached XP level 3. HP: 28/28 MP: 0/6
   959 | D:1      | Learned a level 3 spell: Stone Arrow
  1111 | D:2      | Reached skill level 5 in Earth Magic
  1451 | D:2      | Found Ymafyaff's Armour Shop.
  1599 | D:3      | Noticed Sigmund
  1607 | D:3      | Killed Sigmund
  1608 | D:3      | Reached skill level 3 in Spellcasting
  1608 | D:3      | Reached skill level 6 in Earth Magic
  1608 | D:3      | Reached XP level 4. HP: 18/36 MP: 0/9
  1608 | D:3      | Reached XP level 5. HP: 21/42 MP: 0/10
  1707 | D:3      | Found a transporter.
  1720 | D:3      | Reached skill level 2 in Evocations
  1720 | D:3      | Reached XP level 6. HP: 31/49 MP: 11/11
  1728 | D:3      | Found a transporter.
  1751 | D:3      | Reached skill level 3 in Evocations
  1793 | D:3      | Noticed Terence
  1906 | D:3      | Found an ancient bone altar of Kikubaaqudgha.
  1933 | D:3      | Noticed Natasha
  1939 | D:3      | Killed Natasha
  1940 | D:3      | Reached skill level 7 in Earth Magic
  1959 | D:3      | Reached skill level 4 in Spellcasting
  1973 | D:3      | Noticed Robin
  1976 | D:3      | Killed Robin
  2072 | D:4      | Reached XP level 7. HP: 26/55 MP: 3/13
  2219 | D:4      | You fall into a shaft and drop 2 floors!
  2281 | D:6      | Demolished by an ogre

Vanquished Creatures
  Sigmund (D:3)
  A bullfrog (D:3)
  A scorpion (D:4)
  An orc priest (D:3)
  A hound (D:3)
  Natasha (D:3)
  An iguana (D:6)
  Robin (D:3)
  5 adders
  4 shadow imps (D:3)
  An ufetubus (D:6)
  2 worms
  2 dart slugs
  6 ball pythons
  7 endoplasms
  2 giant cockroaches
  8 goblins
  6 hobgoblins
  10 jackals
  A quokka (D:2)
  6 bats
  4 frilled lizards
  6 kobolds
  9 rats
87 creatures vanquished.

Vanquished Creatures (others)
  35 plants (D:1)
35 creatures vanquished.

Grand Total: 122 creatures vanquished

Table legend: (Time is in decaauts)
 A = Elapsed time spent in this place.
 B = Non-inter-level travel time spent in this place.
 C = Inter-level travel time spent in this place.
 D = Time resting spent in this place.
 E = Time spent auto-exploring this place.
 F = Levels seen in this place.
 G = Mean time per level.
                   A        B        C        D        E       F      G
               +--------+--------+--------+--------+--------+-----+--------+
         Total |   2301 |   2301 |      0 |      0 |      0 |   5 |  460.2 |
       Dungeon |   2301 |   2301 |      0 |      0 |      0 |   5 |  460.2 |
               +--------+--------+--------+--------+--------+-----+--------+

Top non-repeatable levels by time:
     D:1: 989 daAuts
     D:2: 618 daAuts
     D:3: 464 daAuts
     D:4: 166 daAuts
     D:6: 61 daAuts

Table legend:
 A = Non-vault XP
 B = Vault XP
 C = Vault XP percentage of total XP
 D = Non-vault monster count
 E = Vault monster count
 F = Vault count percentage of total count
                 A         B        C        D         E       F
            +---------+---------+-------+---------+---------+-------
      Total |     430 |     372 |  46.4 |      70 |      17 |  19.5
            +---------+---------+-------+---------+---------+-------
        D:1 |      34 |      10 |  22.7 |      20 |       6 |  23.1
        D:2 |      36 |       0 |   0.0 |      22 |       0 |   0.0
        D:3 |     209 |     362 |  63.4 |      19 |      11 |  36.7
        D:4 |      97 |       0 |   0.0 |       6 |       0 |   0.0
        D:6 |      54 |       0 |   0.0 |       3 |       0 |   0.0
            +---------+---------+-------+---------+---------+-------
